 Dungeon Crawl Stone Soup version 0.29-a0-664-gff9cad4a3d (webtiles) character file.

Game seed: 363161798250938945

36887 Sobieck the Archer (level 13, -3/88 (89) HPs)
             Began as a Tengu Hunter on June 22, 2022.
             Was a High Priest of Fedhas.
             Killed from afar by a lindwurm (18 damage)
             ... with a blast of flame
             ... on level 5 of the Lair of Beasts.
             The game lasted 00:48:24 (16446 turns).

Sobieck the Archer (Tengu Hunter)                  Turns: 16446, Time: 00:48:25

HP:   -3/88 (89)    AC: 15    Str: 14    XL:     13   Next: 93%
MP:   16/20         EV: 22    Int:  9    God:    Fedhas [*****.]
Gold: 967           SH:  0    Dex: 21    Spells: 12/12 levels left

rFire   + . .      SeeInvis .   a - +6 shortbow of the Little People {freeze, Stlth+, bow}
rCold   . . .      Faith    .   (shield currently unavailable)
rNeg    . . .      Spirit   .   R - +4 troll leather armour
rPois   .          Reflect  .   (helmet restricted)
rElec   .          Harm     .   f - +2 cloak
rCorr   .          Rampage  .   h - +2 pair of gloves
Will    +....                   (boots unavailable)
Stlth   ++++......              (no amulet)
HPRegen 1.04/turn               J - ring of protection from fire
MPRegen 0.17/turn               H - ring of willpower

@: flying quickly and evasively, lightly drained, quick
A: beak, talons 3, nimble flight
a: Renounce Religion, Wall of Briars, Grow Ballistomycete, Overgrow, Grow Oklob


You were on level 5 of the Lair of Beasts.
You worshipped Fedhas.
Fedhas was extremely pleased with you.
You visited 3 branches of the dungeon, and saw 18 of its levels.
You also visited: Ossuary and Bailey.

You collected 967 gold pieces.


Innate Abilities, Weirdness & Mutations

You have a beak for a mouth.
You have claws for feet.
Your magical nature lets you fly swiftly and evasively.


   Skills:
 + Level 13.7 Fighting
 - Level 14.0 Bows
 + Level 6.4 Armour
 + Level 10.2 Dodging
 - Level 5.0 Stealth
 - Level 9.0 Invocations


You had 12 spell levels left.
You didn't know any spells.
Your spell library contained the following spells:

 Spells                   Type           Power      Damage    Failure   Level
 Freeze                   Ice            0%         1d3       45%         1
 Static Discharge         Conj/Air       0%         N/A       58%         2
 Frozen Ramparts          Ice            0%         1d2       83%         3
 Ignite Poison            Fire/Tmut/Pois 0%         N/A       83%         3
 Mephitic Cloud           Conj/Pois/Air  0%         N/A       83%         3
 Animate Dead             Necr           0%         N/A       99%         4
 Dispel Undead            Necr           0%         3d6       99%         4
 Fulminant Prism          Conj/Hex       0%         3d6       99%         4
 Hailstorm                Conj/Ice       0%         3d3       99%         4
 Iskenderun's Mystic Bla  Conj/Tloc      0%         2d3       99%         4
 Passage of Golubria      Tloc           0%         N/A       99%         4
 Sticky Flame             Conj/Fire      0%         2d3       99%         4
 Borgnjor's Vile Clutch   Necr/Erth      0%         N/A       100%        5
 Freezing Cloud           Conj/Ice/Air   0%         6-21      100%        5
 Lee's Rapid Deconstruct  Erth           0%         3d5*      100%        5
 Silence                  Hex/Air        0%         N/A       100%        5
 Death Channel            Necr           0%         N/A       100%        6
 Lehudib's Crystal Spear  Conj/Erth      0%         10d2      100%        8

Inventory:

Hand Weapons
 a - the +6 shortbow of the Little People (weapon) {freeze, Stlth+, bow}
   (You found it on level 10 of the Dungeon)

   Any ammunition fired from it freezes those it strikes, dealing additional
   cold damage.
   It can also slow down cold-blooded creatures.
   Stlth:     It makes you more stealthy.
 r - a +3 vampiric dagger {short}
   (You took it off a goblin on level 1 of the Dungeon)
 y - the +3 dagger of Buatt {freeze, Drain rF++ rC+, short}
   (You found it on level 2 of the Dungeon)

   It freezes those it strikes, dealing additional cold damage.
   It can also slow down cold-blooded creatures.
   rF:        It greatly protects you from fire.
   rC:        It protects you from cold.
   Drain:     It drains your maximum health when unequipped.
 I - a +0 vampiric rapier {short}
   (You found it on level 3 of the Dungeon)
Missiles
 n - 23 javelins {throwing}
 o - 4 boomerangs of dispersal {=f!fthrowing}
 q - 42 poisoned darts {throwing}
 S - a curare-tipped dart {=fthrowing}
 T - 5 boomerangs {throwing}
Armour
 f - a +2 cloak (worn)
   (You found it on level 1 of the Lair of Beasts)
 h - a +2 pair of gloves (worn)
   (You found it on level 4 of the Dungeon)
 K - the +3 leather armour "Huih" {-Tele Harm +Inv Str+8}
   (You found it on level 5 of the Dungeon)

   Str:       It affects your strength (+8).
   +Inv:      It lets you turn invisible.
   -Tele:     It prevents most forms of teleportation.
   Harm:      It increases damage dealt and taken.
 R - a +4 troll leather armour (worn)
   (You found it on level 12 of the Dungeon)
 X - a +1 troll leather armour {Snorg}
   (You found it on level 4 of the Lair of Beasts)
Magical Staves
 v - a staff of fire {!astaff}
   (You found it in a bailey)
Jewellery
 g - a ring of ice
   (You found it on level 9 of the Dungeon)
 t - a ring of fire
   (You found it in a bailey)
 H - a ring of willpower (right hand)
   (You found it on level 2 of the Lair of Beasts)
 J - a ring of protection from fire (left hand)
   (You found it on level 5 of the Dungeon)
 Z - a ring of protection from fire
   (You found it on level 7 of the Dungeon)
Wands
 k - a wand of digging (7)
   (You took it off Pikel on level 7 of the Dungeon)
 B - a wand of charming (10)
   (You found it on level 4 of the Dungeon)
 C - a wand of mindburst (20)
   (You found it on level 4 of the Dungeon)
 Q - a wand of quicksilver (14)
   (You found it on level 9 of the Dungeon)
 W - a wand of flame (10)
   (You found it on level 8 of the Dungeon)
Scrolls
 b - 2 scrolls of silence {!r}
 c - 4 scrolls of immolation {!r!r}
 d - 7 scrolls of teleportation {@r4}
 e - 9 scrolls of noise {!r}
 l - 2 scrolls of brand weapon
 x - 3 scrolls of poison {!r}
 E - a scroll of fog
 F - 3 scrolls of magic mapping {!r}
 G - 2 scrolls of vulnerability {!r!r}
 M - 2 scrolls of fear
 O - 5 scrolls of blinking {!r}
 P - 4 scrolls of torment {!r}
 U - 9 scrolls of identify {@r1}
 Y - 3 scrolls of enchant weapon
Potions
 i - 6 potions of curing {@q1}
 j - 2 potions of brilliance
 m - 2 potions of haste {@q3}
 p - a potion of ambrosia
 s - a potion of magic
 u - 8 potions of heal wounds {@q2}
 w - 2 potions of lignification {!q}
 z - 3 potions of flight
 A - 3 potions of mutation {!q}
 D - a potion of berserk rage {!q}
 L - 2 potions of attraction {!q}
 N - a potion of resistance
Miscellaneous
 V - a tin of tremorstones (2/2) {throwing}
   (You found it on level 10 of the Dungeon)

Dungeon Overview and Level Annotations

Branches:
Dungeon (12/15) Zot: 26128  Temple (1/1) D:5 Zot: 5849    Lair (5/6) D:11 Zot: 26853
 Shoals (0/4) Lair:3       Spider (0/4) Lair:4      Ossuary (visited)
 Bailey (visited)
  Slime: Lair:5-6       Orc: D:9-12

Altars:
Cheibriados
Dithmenos
Elyvilon
Fedhas
Gozag
Hepliaklqana
Kikubaaqudgha
Makhleb
Nemelex Xobeh
Okawaru
Qazlal
Ru
Sif Muna
Trog
Uskayaw
Vehumet
Wu Jian
Xom
Yredelemnul
The Shining One
Beogh

Shops:
D:1 =   D:9 (   D:11 (

Annotations:
D:3 3 runed translucent doors, xian's ghost, amateur DsFi
Lair:1 1 runed translucent door, valliere's ghost, journeyman OpEn

#...........#....#
#P...............## ..
##.!............#.# ....
##.............#P### #.(..
#..#...........#..####....#
#......[........P†#.#.#...#
##.#P.†............#..P....
#.###......................
####.........@..*..........
##PP.........kkk.......#
##.....................
###...................
#.#................?
###.................
##.#).............
###..............
##............


You could see 3 lindwurms, a friendly ballistomycete (summoned) and a friendly
ballistomycete spore.


Message History

A bullfrog comes into view.
Something bites your briar patch. Something drains your briar patch.
You fly carefully through the plants.
A hell rat comes into view.
The hell rat bites you but does no damage.
The hell rat completely misses you.
Danger!
The hell rat attacks as you move away! The hell rat closely misses you.
The hell rat attacks as you move away! The hell rat completely misses you.
Something bites your briar patch.
The hell rat is struck by your briar patch's thorns.
The hell rat bites your briar patch!
Unknown command.
You fly carefully through the plants.
Danger!
The bullfrog hits your briar patch!
Your briar patch is destroyed!
Your briar patch disappears in a puff of smoke!
Aiming: Grow Ballistomycete (3% risk of failure)
Press: ? - help, Dir - move target, f - hell rat
Aim: a hell rat (ally target) That space is already occupied.
Unknown command.
Aiming: Grow Ballistomycete (3% risk of failure)
Press: ? - help, Dir - move target, p - hell rat A ballistomycete grows from the ground.
The hell rat misses you.
Unknown command.
Unknown command.
The hell rat misses you.
A lindwurm comes into view.
The hell rat bites your ballistomycete!
You see here a water moccasin corpse.
Unknown command.
A hell rat comes into view.
The bullfrog is struck by your briar patch's thorns.
The bullfrog hits your briar patch. The hell rat bites you!
You feel drained.
A ballistomycete spore comes into view.
A lindwurm comes into view.
The hell rat misses your ballistomycete spore.
The lindwurm breathes flames at you. The blast of flame misses you.
Unknown command.
You shoot an arrow. The arrow barely misses the hell rat.
Fedhas protects your plant from harm.
The bullfrog appears confused.
The explosion of spores engulfs the bullfrog!
You kill the bullfrog!
Fedhas appreciates your contribution to the ecosystem.
The hell rat appears confused.
The explosion of spores engulfs the hell rat!
The hell rat appears confused.
The explosion of spores engulfs the hell rat!!
You kill the hell rat!
Fedhas accepts your kill. The explosion of spores engulfs you!
You are confused.
The hell rat bites your briar patch. The lindwurm breathes flames at you.
The blast of flame hits you! You resist.
A lindwurm comes into view.
A ballistomycete spore comes into view.
The hell rat bites you.
Unknown command.
The hell rat barely misses you. The hell rat closely misses you.
Unknown command.
You feel less confused.
The sentinel's mark upon you fades away.
The hell rat appears confused.
The explosion of spores engulfs the hell rat!
You kill the hell rat!
Fedhas accepts your kill.
The hell rat appears confused.
The explosion of spores engulfs the hell rat!!
You kill the hell rat!
Fedhas accepts your kill.
The hell rat appears confused.
The explosion of spores engulfs the hell rat!!
You kill the hell rat!
Fedhas accepts your kill.
A ballistomycete spore comes into view.
Unknown command.
The hell rat misses you. The hell rat attacks as you move away!
The hell rat misses you. The explosion of spores engulfs you!!
You are confused.
* * * LOW HITPOINT WARNING * * *
The hell rat appears confused.
The explosion of spores engulfs the hell rat!!
You kill the hell rat!
Fedhas accepts your kill.
A ballistomycete spore comes into view.
The lindwurm breathes flames at you. The blast of flame hits you! You resist.
* * * LOW HITPOINT WARNING * * *
You feel less confused. The lindwurm breathes flames at you.
The blast of flame hits you!! You resist.
You die...
Fedhas appreciates your contribution to the ecosystem.

Skill      XL: |  1  2  3  4  5  6  7  8  9 10 11 12 13 |
---------------+----------------------------------------+-----
Bows           | 5 6 7 9 10 12 14 | 14.0
Armour         | 2 4 6 |  6.4
Invocations    | 2 5 8 9 |  9.0
Fighting       | 3 4 7 11 13 | 13.7
Dodging        | 3 5 7 9 10 | 10.2
Stealth        | 2 4 5 |  5.0

Action                   |  1- 3 |  4- 6 |  7- 9 | 10-12 | 13-15 || total
-------------------------+-------+-------+-------+-------+-------++-------
 Fire: Shortbow          |    59 |   130 |   216 |   832 |   328 ||  1565
Invok: Wall of Briars    |       |       |       |    18 |     5 ||    23
       Grow Ballistomyce |       |       |       |       |     1 ||     1
  Use: Scroll            |       |    18 |     1 |    17 |     2 ||    38
Armor: Leather armour    |     5 |     3 |     9 |     8 |       ||    25
       Troll leather arm |       |       |       |     6 |    32 ||    38
Dodge: Dodged            |     4 |    22 |    30 |   119 |   100 ||   275

Levels and vault maps discovered:
D:1:      psy_arrival_spokes, layout_loops_ring, serial_shops,
          nicolae_shop_stone
D:2:      layout_loops_ring, basic_altar,
          dreamdust_ecumenical_altar_sealed_demon
D:3:      layout_loops_corners, gammafunk_temple_overflow_claw,
          biasface_ghost_orc_armoury, minmay_surrounded
D:4:      layout_basic
D:5:      layout_loops_ring, tso_oasis_becter, temple_hall, uniq_eustachio
D:6:      layout_rooms, xom_confusion_cloud
D:7:      layout_rooms, mainiacjoe_overflow_concentric_impassable,
          kennysheep_generic_room_4, uniq_pikel, uniq_duvessa, uniq_menkaure
D:8:      layout_loops_ring, nicolae_ossuary_entry_ruins, enter_bailey_5,
          wad_dig_loot
D:9:      layout_big_octagon, serial_shops, shop
D:10:     layout_gridville, mainiacjoe_overflow_surrounded_room
D:11:     layout_basic, lair_entry_dummy, serial_shops, nicolae_shop_stone
D:12:     layout_basic, orc_0_dummy, amcnicky_mini_pool_medium
Temple:   regret_index_temple_generic_petals
Lair:1:   layout_regular_city, ebering_ghost_reflecting_pool,
          grunt_forest_large_clearing_hut, grunt_megastairs_5
Lair:2:   layout_big_grid
Lair:3:   layout_chaotic_city, shoals_dummy_entry, serial_bayou_ford_a,
          grunt_forest_large_clearings
Lair:4:   layout_loops_ring, spider_nest_entry_web_field, uniq_snorg
Lair:5:   layout_hall_layers, nicolae_lair_lindhole, grunt_megastairs_4,
          serial_bayou_shore_a, infiniplex_staircase_pool

Notes
Turn   | Place    | Note
-------+----------+-------------------------------------------
     0 | D:1      | Sobieck the Tengu Hunter began the quest for the Orb.
     0 | D:1      | Reached XP level 1. HP: 12/12 MP: 2/2
    73 | D:1      | Reached XP level 2. HP: 17/17 MP: 3/3
   148 | D:1      | Reached skill level 5 in Bows
   411 | D:1      | You pick up a book of Frost and begin reading...
   411 | D:1      | You add the spells Freeze, Frozen Ramparts and Hailstorm to
                  | your library.
   456 | D:1      | Found Qouh's Jewellery Shoppe.
   720 | D:2      | Found a sacrificial altar of Ru.
   772 | D:2      | Reached XP level 3. HP: 21/21 MP: 4/4
   956 | D:2      | Reached skill level 6 in Bows
   987 | D:2      | Reached XP level 4. HP: 26/26 MP: 5/5
  1183 | D:2      | Found a faded altar of an unknown god.
  1183 | D:2      | Noticed a cacodemon
  1213 | D:2      | Identified the +3 dagger of Buatt {freeze, Drain rF++ rC+}
  1647 | D:3      | Found a runed translucent gate.
  1648 | D:3      | Found a runed translucent gate.
  1649 | D:3      | Found a runed translucent gate.
  1652 | D:3      | Noticed xian's ghost (amateur DsFi)
  1871 | D:3      | Found a snail-covered altar of Cheibriados.
  1871 | D:3      | Found a bloodstained altar of Trog.
  1871 | D:3      | Found an iron altar of Okawaru.
  1984 | D:3      | Gained mutation: Your magical nature lets you fly swiftly
                  | and evasively. [Tengu growth]
  1984 | D:3      | Reached XP level 5. HP: 30/30 MP: 6/6
  2376 | D:4      | Reached skill level 7 in Bows
  2427 | D:4      | You add the spells Ignite Poison, Mephitic Cloud and
                  | Freezing Cloud to your library.
  2515 | D:4      | Reached XP level 6. HP: 30/35 MP: 7/7
  2527 | D:4      | Reached skill level 8 in Bows
  2766 | D:5      | Entered Level 5 of the Dungeon
  2949 | D:5      | Identified the +3 leather armour "Huih" {-Tele Harm +Inv
                  | Str+8}
  3088 | D:5      | Reached skill level 9 in Bows
  3088 | D:5      | Reached XP level 7. HP: 36/40 MP: 8/8
  3178 | D:5      | Noticed a steam dragon
  3185 | D:5      | Killed a steam dragon
  3224 | D:5      | Found a glowing golden altar of the Shining One.
  3251 | D:5      | Reached skill level 10 in Bows
  3327 | D:5      | Reached XP level 8. HP: 44/44 MP: 9/9
  3535 | D:5      | Noticed Eustachio
  3571 | D:5      | Killed Eustachio
  3572 | D:5      | Reached skill level 11 in Bows
  3839 | D:5      | Found a staircase to the Ecumenical Temple.
  3848 | Temple   | Entered the Ecumenical Temple
  3996 | Temple   | Became a worshipper of Fedhas Madash
  4138 | D:6      | Reached skill level 12 in Bows
  4246 | D:6      | Found a shimmering altar of Xom.
  4308 | D:6      | Reached XP level 9. HP: 48/48 MP: 10/10
  4334 | D:6      | Reached skill level 13 in Bows
  4672 | D:6      | Reached * piety under Fedhas
  4863 | D:5      | Reached skill level 14 in Bows
  5182 | D:7      | Noticed Duvessa
  5224 | D:7      | Killed Duvessa
  5225 | D:7      | Reached skill level 1 in Armour
  5225 | D:7      | Reached skill level 1 in Invocations
  5393 | D:7      | Noticed Dowan
  5404 | D:7      | Killed Dowan
  5472 | D:7      | Found a white marble altar of Elyvilon.
  5501 | D:7      | Noticed Pikel
  5518 | D:7      | Killed Pikel
  5519 | D:7      | Reached skill level 3 in Fighting
  5519 | D:7      | Reached skill level 2 in Armour
  5519 | D:7      | Reached skill level 3 in Dodging
  5519 | D:7      | Reached skill level 2 in Stealth
  5519 | D:7      | Reached skill level 2 in Invocations
  5597 | D:7      | Reached XP level 10. HP: 45/56 MP: 13/13
  5598 | D:7      | Noticed Menkaure
  5674 | D:7      | Noticed a cyclops
  5683 | D:7      | Killed a cyclops
  5684 | D:7      | Reached skill level 3 in Stealth
  5684 | D:7      | Reached skill level 3 in Invocations
  5719 | D:7      | Killed Menkaure
  5832 | D:7      | Reached skill level 3 in Armour
  6078 | D:8      | Reached skill level 4 in Dodging
  6140 | D:8      | Found a sand-covered staircase.
  6151 | Ossuary  | Entered an ossuary
  6310 | Ossuary  | Reached skill level 4 in Invocations
  6375 | Ossuary  | Reached ** piety under Fedhas
  6591 | D:8      | Found a flagged portal.
  6704 | Bailey   | Entered a bailey
  7098 | Bailey   | Reached skill level 4 in Fighting
  7171 | Bailey   | Reached *** piety under Fedhas
  7377 | Bailey   | Reached skill level 4 in Stealth
  7528 | Bailey   | Reached skill level 4 in Armour
  7541 | Bailey   | Reached skill level 5 in Invocations
  7606 | Bailey   | Reached skill level 5 in Dodging
  8505 | D:8      | Reached XP level 11. HP: 58/62 MP: 16/16
  8514 | D:8      | Reached skill level 5 in Fighting
  8514 | D:8      | Reached skill level 5 in Stealth
  8514 | D:8      | Reached skill level 6 in Invocations
  8714 | D:9      | Found Teke's Antique Weapon Shop.
  8795 | D:9      | You pick up a book of Blasting and begin reading...
  8795 | D:9      | You add the spells Fulminant Prism, Iskenderun's Mystic
                  | Blast and Lee's Rapid Deconstruction to your library.
  8839 | D:9      | Noticed a two-headed ogre
  8845 | D:9      | Reached **** piety under Fedhas
  8925 | D:8      | Killed a two-headed ogre
  9154 | D:9      | Reached skill level 6 in Dodging
  9695 | D:10     | Entered Level 10 of the Dungeon
  9947 | D:10     | Reached skill level 7 in Invocations
  9962 | D:10     | Found an opulent altar of Gozag.
 10031 | D:10     | Identified the +6 shortbow of the Little People {freeze,
                  | Stlth+}
 10191 | D:10     | Reached skill level 6 in Fighting
 10537 | D:11     | Found Puekys's Weapon Shoppe.
 10542 | D:11     | Noticed a boulder beetle
 10997 | D:11     | Noticed a centaur warrior
 11004 | D:11     | Killed a centaur warrior
 11005 | D:11     | Reached skill level 7 in Dodging
 11005 | D:11     | Reached skill level 8 in Invocations
 11093 | D:11     | Killed a boulder beetle
 11395 | D:11     | Found a staircase to the Lair.
 11972 | D:11     | You pick up a book of Unlife and begin reading...
 11972 | D:11     | You add the spells Animate Dead, Borgnjor's Vile Clutch and
                  | Death Channel to your library.
 12218 | D:12     | Noticed a two-headed ogre
 12231 | D:12     | Killed a two-headed ogre
 12232 | D:12     | Reached skill level 7 in Fighting
 12232 | D:12     | Reached XP level 12. HP: 72/72 MP: 15/19
 12251 | D:12     | Reached skill level 9 in Invocations
 12404 | D:12     | Reached skill level 8 in Fighting
 12455 | D:12     | Noticed a boulder beetle
 12956 | Lair:1   | Entered Level 1 of the Lair of Beasts
 12973 | D:11     | Reached skill level 8 in Dodging
 13004 | Lair:1   | You pick up a book of Touch and begin reading...
 13004 | Lair:1   | You add the spells Static Discharge, Sticky Flame and
                  | Dispel Undead to your library.
 13103 | Lair:1   | Reached skill level 9 in Fighting
 13330 | Lair:1   | Reached skill level 9 in Dodging
 13402 | Lair:1   | Found a runed translucent door.
 13668 | Lair:1   | Noticed a five-headed hydra
 13697 | Lair:1   | Killed a five-headed hydra
 13698 | Lair:1   | Reached skill level 10 in Fighting
 13808 | Lair:1   | Noticed valliere's ghost (journeyman OpEn)
 13937 | Lair:2   | Noticed a six-headed hydra
 13945 | Lair:2   | Killed a six-headed hydra
 13980 | Lair:2   | Reached skill level 11 in Fighting
 14037 | Lair:2   | Noticed a four-headed hydra
 14042 | Lair:2   | Killed a four-headed hydra
 14043 | Lair:2   | Reached XP level 13. HP: 84/84 MP: 20/20
 14322 | Lair:3   | Reached skill level 12 in Fighting
 14746 | Lair:3   | Reached skill level 13 in Fighting
 14908 | Lair:3   | You pick up a book of the Moon and begin reading...
 14908 | Lair:3   | You add the spells Passage of Golubria, Silence and
                  | Lehudib's Crystal Spear to your library.
 15253 | Lair:3   | Reached skill level 5 in Armour
 15262 | Lair:3   | Reached ***** piety under Fedhas
 15319 | Lair:3   | Found a staircase to the Shoals.
 15614 | Lair:4   | Found a hole to the Spider Nest.
 15625 | Lair:4   | Noticed Snorg
 15639 | Lair:4   | Killed Snorg
 16180 | Lair:4   | Reached skill level 10 in Dodging
 16291 | Lair:5   | Reached skill level 6 in Armour
 16444 | Lair:5   | HP: 13/88 [lindwurm/blast of flame (12)]
 16446 | Lair:5   | Killed from afar by a lindwurm

Vanquished Creatures
  Snorg (Lair:4)
  6 hydras
  A centaur warrior (D:11)
  2 two-headed ogres
  A catoblepas (Lair:3)
  3 death yaks (Lair:3)
  Pikel (D:7)
  A deep elf pyromancer (D:12)
  3 cyclopes
  8 cane toads
  A torpor snail (Lair:4)
  2 gargoyles
  A rime drake (Lair:5)
  An unseen horror (D:12)
  8 komodo dragons
  2 polar bears
  2 trolls
  A hornet (D:9)
  4 dream sheep (Lair:4)
  2 centaur simulacra (D:12)
  A spriggan (Lair:1)
  A shadow (D:11)
  A vampire (D:9)
  39 yaks
  A wraith (D:11)
  2 wyverns
  Eustachio (D:5)
  A water elemental (D:12)
  4 basilisks
  4 steam dragons
  Menkaure (D:7)
  13 water moccasins
  Duvessa (D:7)
  12 orc warriors
  3 ice beasts
  2 black bears
  2 ogres (D:5)
  15 centaurs
  23 wolves (Lair:3)
  A phantom (D:6)
  3 kobold brigands
  13 bullfrogs
  2 necrophages (D:5)
  5 scorpions
  5 wights
  Dowan (D:7)
  3 electric eels
  4 howler monkeys (D:10)
  A human zombie (Ossuary)
  A centaur zombie (Ossuary)
  5 jellies
  2 gnoll shamans
  3 hounds
  3 orc priests
  4 iguanas
  7 orc wizards
  5 hell rats (Lair:5)
  5 mummies (Ossuary)
  8 gnolls
  6 adders
  2 white imps (D:8)
  2 ufetubi
  2 worms
  3 dart slugs
  35 orcs
  9 ball pythons
  6 endoplasms
  4 giant cockroaches
  10 goblins
  11 hobgoblins
  3 jackals (D:3)
  3 quokkas
  6 bats
  2 frilled lizards (D:3)
  A gnoll zombie (Ossuary)
  A goblin zombie (Ossuary)
  2 hobgoblin zombies (Ossuary)
  20 kobolds
  2 orc zombies (Ossuary)
  6 rats
395 creatures vanquished.

Vanquished Creatures (collateral kills)
  A boulder beetle (D:11)
  An unseen horror (D:12)
  A yak (Lair:3)
  5 wolves (Lair:3)
  A centaur (D:11)
  3 ballistomycete spores (Lair:5)
12 creatures vanquished.

Vanquished Creatures (others)
  2 black bears (D:6)
  2 scorpions (D:6)
  A jelly (D:6)
  21 fungi
  41 plants
67 creatures vanquished.

Grand Total: 474 creatures vanquished

Table legend:
 A = Non-vault XP
 B = Vault XP
 C = Vault XP percentage of total XP
 D = Non-vault monster count
 E = Vault monster count
 F = Vault count percentage of total count
                 A         B        C        D         E       F
            +---------+---------+-------+---------+---------+-------
      Total |   39949 |   12748 |  24.2 |     294 |     111 |  27.4
            +---------+---------+-------+---------+---------+-------
        D:1 |      31 |       0 |   0.0 |      20 |       0 |   0.0
        D:2 |      62 |       0 |   0.0 |      14 |       0 |   0.0
        D:3 |      93 |       7 |   7.0 |      23 |       4 |  14.8
        D:4 |     209 |       0 |   0.0 |      15 |       0 |   0.0
        D:5 |    1397 |     211 |  13.1 |      17 |       1 |   5.6
        D:6 |    1127 |     256 |  18.5 |      17 |       4 |  19.0
        D:7 |    1040 |    1027 |  49.7 |      16 |       4 |  20.0
        D:8 |    2625 |     194 |   6.9 |      29 |       6 |  17.1
        D:9 |    1413 |       0 |   0.0 |      14 |       0 |   0.0
       D:10 |    1946 |       0 |   0.0 |      24 |       0 |   0.0
       D:11 |    3820 |       0 |   0.0 |      15 |       0 |   0.0
       D:12 |    2695 |    2441 |  47.5 |      10 |       5 |  33.3
     Lair:1 |    5295 |    1373 |  20.6 |      22 |       4 |  15.4
     Lair:2 |    2797 |       0 |   0.0 |       6 |       0 |   0.0
     Lair:3 |    8715 |    3255 |  27.2 |      26 |      28 |  51.9
     Lair:4 |    3950 |     928 |  19.0 |      14 |       1 |   6.7
     Lair:5 |    2734 |     356 |  11.5 |      12 |       2 |  14.3
    Ossuary |       0 |     188 | 100.0 |       0 |      13 | 100.0
     Bailey |       0 |    2512 | 100.0 |       0 |      39 | 100.0
            +---------+---------+-------+---------+---------+-------

Illustrated notes

Table legend:
 A = Kills in this place as a percentage of kills in entire the game.
 B = Kills by you in this place as a percentage of kills by you in the entire game.
 C = Kills by friends in this place as a percentage of kills by friends in the entire game.
 D = Other kills in this place as a percentage of other kills in the entire game.
 E = Experience gained in this place as a percentage of experience gained in the entire game.
 F = Experience gained in this place divided by the number of levels of this place that you have seen.
                   A       B       C       D       E      F
               +-------+-------+-------+-------+-------+----------------------
         Total | 100.0 | 100.0 | 100.0 | 100.0 | 100.0 | 2634.9
       Dungeon |  58.8 |  59.2 |  33.3 | 100.0 |  39.1 | 1716.2
          Lair |  28.4 |  27.6 |  66.7 |   0.0 |  55.8 | 5880.6
       Ossuary |   3.2 |   3.3 |   0.0 |   0.0 |   0.4 | 188.0
        Bailey |   9.6 |   9.9 |   0.0 |   0.0 |   4.8 | 2512.0
               +-------+-------+-------+-------+-------+----------------------

Table legend: (Time is in decaauts)
 A = Elapsed time spent in this place.
 B = Non-inter-level travel time spent in this place.
 C = Inter-level travel time spent in this place.
 D = Time resting spent in this place.
 E = Time spent auto-exploring this place.
 F = Levels seen in this place.
 G = Mean time per level.
                   A        B        C        D        E       F      G
               +--------+--------+--------+--------+--------+-----+--------+
         Total |  15367 |  14664 |    703 |   2167 |   8557 |  20 |  768.3 |
       Dungeon |  10687 |  10170 |    517 |   1718 |   6151 |  12 |  890.6 |
        Temple |    150 |    135 |     15 |      0 |    123 |   1 |  150.0 |
          Lair |   3136 |   2966 |    170 |      0 |   2160 |   5 |  627.2 |
       Ossuary |    341 |    341 |      0 |     87 |      0 |   1 |  341.0 |
        Bailey |   1052 |   1052 |      0 |    362 |    122 |   1 | 1052.0 |
               +--------+--------+--------+--------+--------+-----+--------+

Top non-repeatable levels by time:
     D:8: 1395 daAuts
     D:5: 1321 daAuts
    D:11: 1300 daAuts
  Bailey: 1052 daAuts
  Lair:3: 1016 daAuts
     D:3: 948 daAuts
    D:10: 894 daAuts
     D:6: 830 daAuts
    D:12: 800 daAuts
  Lair:1: 781 daAuts
     D:7: 757 daAuts
     D:1: 717 daAuts
  Lair:4: 706 daAuts
     D:2: 677 daAuts
     D:9: 647 daAuts
